 Dungeon Crawl Stone Soup version 0.29.1-15-g9cfb28693d (webtiles) character file.

Game seed: 8658736529398646190

126 vishdafish the Conjurer (level 4, -25/30 HPs)
             Began as a Demonspawn Conjurer on Mar 29, 2023.
             Killed by an exploding worm (36 damage)
             ... ignited by their inner flame
             ... on level 4 of the Dungeon.
             The game lasted 00:04:14 (2545 turns).

vishdafish the Conjurer (Demonspawn Conjurer)       Turns: 2545, Time: 00:04:15

Health: -25/30     AC:  4    Str:  8    XL:     4   Next: 83%
Magic:  9/9        EV: 12    Int: 21    God:
Gold:   246        SH:  0    Dex: 11    Spells: 9/10 levels left

rFire   . . .      SeeInvis .   k - +4 whip
rCold   . . .      Faith    .   (no shield)
rNeg    . . .      Spirit   .   a - +0 robe
rPois   .          Reflect  .   m - +1 helmet
rElec   .          Harm     .   (no cloak)
rCorr   .          Rampage  .   (no gloves)
Will    .....                   (no boots)
Stlth   ++........              (no amulet)
HPRegen 3.10/turn               (no ring)
MPRegen 0.11/turn               (no ring)

@: no status effects
A: powered by death 1, demonic touch 1
a: no special abilities


You were on level 4 of the Dungeon.
You visited 1 branch of the dungeon, and saw 4 of its levels.

You collected 246 gold pieces.

Inventory:

Hand Weapons
 e - a +0 dagger
 k - a +4 whip (weapon)
Missiles
 s - 5 curare-tipped darts
Armour
 a - a +0 robe (worn)
 m - a +1 helmet (worn)
Jewellery
 o - a ring of positive energy
 r - a +6 ring of strength
Scrolls
 g - 5 scrolls of identify {unknown}
 l - a scroll of vulnerability {unknown}
 n - a scroll of brand weapon {unknown}
 p - a scroll of immolation
Potions
 b - 2 potions of magic
 f - a potion of flight {unknown}
 h - a potion of mutation {unknown}
 i - a potion of invisibility {unknown}
 j - a potion of might {unknown}
 t - a potion of lignification {unknown}


   Skills:
 - Level 2.0 Dodging
 - Level 2.0 Stealth
 + Level 3.5 Spellcasting
 + Level 5.1 Conjurations


You had 9 spell levels left.
You knew the following spells:

 Your Spells              Type           Power      Damage    Failure   Level
a - Magic Dart            Conj           100%       1d8       1%          1

Your spell library contained the following spells:

 Spells                   Type           Power      Damage    Failure   Level
 Searing Ray              Conj           50%        2d6       2%          2
 Sting                    Tmut/Pois      12%        1d3       13%         1
 Dazzling Flash           Conj/Hex       28%        N/A       13%         3
 Poisonous Vapours        Pois/Air       6%         N/A       19%         2
 Fulminant Prism          Conj/Hex       7%         3d7       41%         4
 Iskenderun's Mystic Bla  Conj/Tloc      14%        2d5       41%         4
 Olgreb's Toxic Radiance  Pois           3%         N/A       77%         4


Dungeon Overview and Level Annotations

Branches:
Dungeon (4/15)
 Temple: D:4-7

Altars:


Innate Abilities, Weirdness & Mutations

You regenerate a little health from kills.
Your touch may inflict minor irresistible damage on your foes.


Message History

The worm is severely wounded.
The worm bites you!
As you read the scroll labelled ZYER QI PAOJUL, it crumbles to dust.
The creatures around you are filled with an inner flame!
It was a scroll of immolation.
The jelly barely misses you. The worm bites you!
* * * LOW HITPOINT WARNING * * *
Okay, then.
You feel better. The jelly closely misses you.
As you read the scroll labelled JEEFEEH ATHEI, it crumbles to dust.
It is a scroll of enchant armour.
Your +0 helmet glows green for a moment.
The jelly hits you but does no damage. The worm bites you.
As you read the scroll labelled UNINIY UTESO, it crumbles to dust.
Wisps of shadow whirl around you...
It was a scroll of summoning.
The dart slug launches a dart at you. The slug dart hits you.
The jelly misses you.
Okay, then.
Okay, then.
Your hound bites the jelly.
Flame seeps out of the jelly.
Your hound is burned by acid!
The jelly is engulfed in blazing flames.
Flame seeps out of the jelly.
The jelly hits your hound.
Your hound is splashed with acid!
The acid corrodes your hound!
Your goblin hits the jelly with a +0 club.
The jelly explodes!
The fiery explosion engulfs the worm!!
The fiery explosion engulfs your hound!!
You kill your hound!
Your hound's corpse dissolves into shadows!
The fiery explosion engulfs the dart slug!!!
The fiery explosion engulfs your goblin!!
You kill your goblin!
Your goblin's corpse dissolves into shadows!
The dart slug explodes!
The worm explodes!
The fiery explosion engulfs your kobold!!!
You kill your kobold!
Your kobold's corpse dissolves into shadows!
The fiery explosion engulfs you!!!
Ouch! That really hurt!
You die...

##.............##
#...............#..
#..............?...
#..................
#...........>......
#..................
#...<......§.§.....
##........§§○§.....
##.....#.@§§§..##
##########§§.##
....... ...####
...# ..## ..# ..#


There were no monsters in sight!

Vanquished Creatures
  An orc wizard (D:3)
  An adder (D:2)
  A worm (D:4)
  4 dart slugs
  13 orcs
  3 ball pythons
  4 bats
  7 endoplasms
  A giant cockroach (D:2)
  7 goblins
  6 hobgoblins
  7 kobolds
  4 quokkas
  4 frilled lizards
  2 rats
65 creatures vanquished.

Vanquished Creatures (collateral kills)
  A jelly (D:4)
1 creature vanquished.

Grand Total: 66 creatures vanquished

Notes
Turn   | Place    | Note
-------+----------+-------------------------------------------
     0 | D:1      | vishdafish the Demonspawn Conjurer began the quest for the
                  | Orb.
     0 | D:1      | Reached XP level 1. HP: 13/13 MP: 3/3
   345 | D:1      | Gained mutation: You regenerate a little health from kills.
                  | [demonic ancestry]
   345 | D:1      | Reached XP level 2. HP: 19/19 MP: 3/5
   863 | D:1      | Reached XP level 3. HP: 24/24 MP: 4/6
  1395 | D:2      | Found a faded altar of an unknown god.
  1834 | D:3      | Gained mutation: Your touch may inflict minor irresistible
                  | damage on your foes. [demonic ancestry]
  1834 | D:3      | Reached XP level 4. HP: 30/30 MP: 1/8
  2081 | D:3      | Reached skill level 5 in Conjurations
  2545 | D:4      | Killed by an exploding worm... ignited by their inner flame

Illustrated notes

Levels and vault maps discovered:
D:1:      dpeg_arrival_water_fire, layout_basic
D:2:      layout_rooms, chequers_ecumenical_altar_simple_redux
D:3:      layout_loops_ring
D:4:      black_bear_nest_1, layout_rooms, portal_sewer_entry_b, uniq_edmund

Skill      XL: |  1  2  3  4 |
---------------+-------------+-----
Dodging        | 2 |  2.0
Stealth        | 2 |  2.0
Spellcasting   | 3 |  3.5
Conjurations   | 5 |  5.1

Action                   |  1- 3 |  4- 6 || total
-------------------------+-------+-------++-------
Melee: Whip              |     2 |    28 ||    30
       Touch             |       |     8 ||     8
 Cast: Magic Dart        |    77 |    21 ||    98
  Use: Potion            |     1 |     1 ||     2
       Scroll            |       |     3 ||     3
 Stab: Sleeping          |       |     1 ||     1
Armor: Robe              |     2 |     5 ||     7
Dodge: Dodged            |     6 |    14 ||    20
